 Dungeon Crawl Stone Soup version 0.29.0-10-g45618ea6d2 (webtiles) character file.

Game seed: 17769919490143470212

219417 raistware the Eclecticist (level 19, -4/131 HPs)
             Began as an Octopode Conjurer on Sept 1, 2022.
             Was the Champion of Vehumet.
             Constricted to death by a shambling mangrove (13 damage)
             ... on level 1 of the Swamp on Sept 2, 2022.
             The game lasted 03:18:30 (50307 turns).

raistware the Eclecticist (Octopode Conjurer)      Turns: 50307, Time: 03:18:30

Health: -4/131     AC:  3    Str: 19    XL:     19   Next: 14%
Magic:  39/49      EV: 25    Int: 34    God:    Vehumet [******]
Gold:   1818       SH: 13    Dex: 16    Spells: 13/53 levels left

rFire   + . .      SeeInvis .   a - +10 rapier "Ysothrit" {flame, rElec rF+ rN+}
rCold   + . .      Faith    .   b - +2 buckler
rNeg    + . .      Spirit   .   F - +2 hat
rPois   +          Reflect  +   I - amulet of reflection
rElec   +          Harm     .   i - ring "Nody" {EV+4 Str+2}
rCorr   .          Rampage  .   B - +4 ring of slaying
Will    +....      Clarity  +   D - +4 ring of evasion
Stlth   +++++.....              S - +6 ring of intelligence
HPRegen 0.31/turn               n - ring "Molont" {rPois rF- Str+6 Stlth+}
MPRegen 0.31/turn               l - ring "Luthom" {rF+ rC+ Str+4}
                                W - ring of magical power
                                X - +6 ring of dexterity

@: about to teleport, grasped by roots, constricted, studying Shields
A: almost no armour, amphibious, 8 rings, camouflage 1, gelatinous body 1,
(nimble swimmer 1), tentacles, clarity
}: 1/15 runes: decaying
a: Renounce Religion


You were on level 1 of the Swamp.
You worshipped Vehumet.
Vehumet was exalted by your worship.
You visited 6 branches of the dungeon, and saw 30 of its levels.
You also visited: Ossuary.

You collected 4237 gold pieces.
You spent 2419 gold pieces at shops.

Inventory:

Hand Weapons
 a - the +10 rapier "Ysothrit" (weapon) {flame, rElec rF+ rN+}
   (You bought it in a shop on level 2 of the Orcish Mines)

   It burns those it strikes, dealing additional fire damage.
   rF:        It protects you from fire.
   rElec:     It insulates you from electricity.
   rN:        It protects you from negative energy.
Missiles
 d - 6 silver javelins
 w - 7 curare-tipped darts
 Y - a boomerang of dispersal
Armour
 b - a +2 buckler (worn)
 F - a +2 hat (worn)
Magical Staves
 N - a staff of conjuration
Jewellery
 g - a ring of resist corrosion
 h - a ring of protection from fire
 i - the ring "Nody" (left tentacle) {EV+4 Str+2}
   (You took it off a deep elf annihilator on level 3 of the Elven Halls)

   [ring of evasion]

   EV:        It affects your evasion (+4).
   Str:       It affects your strength (+2).
 j - the ring "Eggidopaca" {rN+ Will+ Str+6}
   (You found it on level 3 of the Swamp)

   [ring of strength]

   Str:       It affects your strength (+6).
   rN:        It protects you from negative energy.
   Will:      It increases your willpower.
 l - the ring "Luthom" (on tentacle) {rF+ rC+ Str+4}
   (You bought it in a shop on level 2 of the Orcish Mines)

   [ring of protection from fire]

   Str:       It affects your strength (+4).
   rF:        It protects you from fire.
   rC:        It protects you from cold.
 n - the ring "Molont" (on tentacle) {rPois rF- Str+6 Stlth+}
   (You bought it in a shop on level 2 of the Orcish Mines)

   [ring of strength]

   Str:       It affects your strength (+6).
   rF:        It makes you vulnerable to fire.
   rPois:     It protects you from poison.
   Stlth:     It makes you more stealthy.
 u - an amulet of magic regeneration
 B - a +4 ring of slaying (right tentacle)
 D - a +4 ring of evasion (on tentacle)
 I - an amulet of reflection (around mantle)
 J - a ring of protection from cold
 O - the amulet of the Four Winds {rN+ Will+++ Clar}
   (You took it off a deep elf blademaster on level 3 of the Elven Halls)

   [amulet of nothing]

   rN:        It protects you from negative energy.
   Clar:      It protects you against confusion.
   Will:      It greatly increases your willpower.
 P - a ring of ice
 S - a +6 ring of intelligence (on tentacle)
 V - the ring "Jesm" {Fire Dex+6}
   (You found it on level 3 of the Lair of Beasts)

   [ring of fire]

   It enhances your fire magic.
   Dex:       It affects your dexterity (+6).
   rF:        It protects you from fire.
   rC:        It makes you vulnerable to cold.
 W - a ring of magical power (on tentacle)
 X - a +6 ring of dexterity (on tentacle)
 Z - a ring of flight
Wands
 k - a wand of iceblast (56)
 m - a wand of paralysis (38)
 A - a wand of digging (10)
 H - a wand of quicksilver (15)
 R - a wand of polymorph (8)
Scrolls
 c - 6 scrolls of fear
 e - 13 scrolls of teleportation
 p - 3 scrolls of magic mapping
 q - 10 scrolls of blinking
 y - 6 scrolls of butterflies
 C - 4 scrolls of vulnerability
 E - 3 scrolls of enchant armour
 L - 6 scrolls of immolation
 M - 3 scrolls of summoning
 Q - 7 scrolls of poison
 U - 5 scrolls of enchant weapon
Potions
 f - 8 potions of resistance
 o - 15 potions of curing
 r - 3 potions of flight
 s - 4 potions of ambrosia
 t - a potion of cancellation
 v - 3 potions of invisibility
 x - 6 potions of mutation
 z - 4 potions of brilliance
 G - 5 potions of magic
 K - 3 potions of lignification
 T - 8 potions of heal wounds


   Skills:
 - Level 12.0 Fighting
 - Level 4.0 Staves
 - Level 1.0 Throwing
 + Level 13.8 Dodging
 - Level 4.0 Stealth
 + Level 8.6 Shields
 + Level 17.9 Spellcasting
 - Level 13.0 Conjurations
 - Level 4.0 Translocations
 * Level 10.9 Fire Magic
 - Level 9.0 Ice Magic
 + Level 7.7 Earth Magic
 - Level 5.0 Evocations


You had 13 spell levels left.
You knew the following spells:

 Your Spells              Type           Power      Damage    Failure   Level
a - Magic Dart            Conj           100%       1d8       0%          1
b - Iskenderun's Mystic   Conj/Tloc      73%        2d15      1%          4
c - Sticky Flame          Conj/Fire      84%        2d10      1%          4
d - Mephitic Cloud        Conj/Pois/Air  56%        N/A       1%          3
e - Freezing Cloud        Conj/Ice/Air   34%        6-21      1%          5
f - Iron Shot             Conj/Erth      39%        9d8       1%          6
g - Orb of Destruction    Conj           43%        9d12      1%          7
h - Ignition              Fire           40%        3d12      28%         8
i - Blink                 Tloc           100%       N/A       1%          2

Your spell library contained the following spells:

 Spells                   Type           Power      Damage    Failure   Level
 Foxfire                  Conj/Fire      100%       2x1d9     0%          1
 Searing Ray              Conj           100%       2d8       0%          2
 Beastly Appendage        Tmut           60%        N/A       1%          1
 Necrotise                Necr           100%       1d9       1%          1
 Sandblast                Erth           100%       2d20      1%          1
 Sting                    Tmut/Pois      100%       1d8       1%          1
 Poisonous Vapours        Pois/Air       60%        N/A       1%          2
 Static Discharge         Conj/Air       65%        3-12/arc  1%          2
 Conjure Flame            Conj/Fire      84%        6-21      1%          3
 Dazzling Flash           Conj/Hex       100%       N/A       1%          3
 Gell's Gravitas          Tloc           55%        N/A       1%          3
 Ignite Poison            Fire/Tmut/Pois 53%        N/A       1%          3
 Inner Flame              Hex/Fire       61%        N/A       1%          3
 Portal Projectile        Hex/Tloc       88%        N/A       1%          3
 Stone Arrow              Conj/Erth      100%       3d13      1%          3
 Fulminant Prism          Conj/Hex       32%        3d16      1%          4
 Fireball                 Conj/Fire      42%        3d17      1%          5
 Iskenderun's Battlesphe  Conj           87%        2d13      1%          5
 Lightning Bolt           Conj/Air       32%        1d50      1%          5
 Wereblood                Tmut           30%        N/A       2%          2
 Passage of Golubria      Tloc           55%        N/A       2%          4
 Spider Form              Tmut/Pois      30%        N/A       4%          3
 Swiftness                Air            30%        N/A       4%          3
 Tukima's Dance           Hex            30%        N/A       4%          3
 Anguish                  Hex/Necr       15%        N/A       14%         4
 Cause Fear               Hex            15%        N/A       14%         4
 Corpse Rot               Necr/Pois/Air  30%        N/A       14%         4
 Summon Forest            Summ/Tloc      22%        N/A       19%         5
 Spellforged Servitor     Conj/Summ      32%        N/A       22%         7
 Lehudib's Crystal Spear  Conj/Erth      39%        10d10     32%         8
 Simulacrum               Ice/Necr       28%        N/A       34%         6
 Blade Hands              Tmut           15%        N/A       38%         5
 Silence                  Hex/Air        15%        N/A       38%         5
 Summon Mana Viper        Hex/Summ       30%        N/A       38%         5
 Statue Form              Tmut/Erth      36%        N/A       41%         6
 Summon Cactus Giant      Summ           15%        N/A       92%         6
 Malign Gateway           Summ/Tloc      22%        N/A       99%         7
 Dragon Form              Tmut           15%        N/A       100%        7
 Discord                  Hex            15%        N/A       100%        8
 Disjunction              Tloc           27%        N/A       100%        8
 Maxwell's Capacitive Co  Air            15%        ∞         100%        8
 Dragon's Call            Summ           15%        N/A       100%        9
 Shatter                  Erth           35%        3d28*     100%        9


Dungeon Overview and Level Annotations

Branches:
Dungeon (15/15)            Temple (1/1) D:4            Lair (5/5) D:9
  Swamp (4/4) Lair:2        Snake (0/4) Lair:3          Orc (2/2) D:9
    Elf (3/3) Orc:2        Vaults (0/5) D:13         Depths (0/4) D:15
Ossuary (visited)
  Slime: Lair:4-5

Altars:
Ashenzari
Cheibriados
Dithmenos
Elyvilon
Fedhas
Gozag
Hepliaklqana
Kikubaaqudgha
Makhleb
Nemelex Xobeh
Okawaru
Qazlal
Ru
Sif Muna
Trog
Uskayaw
Vehumet
Wu Jian
Xom
Yredelemnul
The Shining One
Lugonu

Shops:
D:4 *   D:6 !   Orc:2 =(?(   Elf:1 *   Elf:2 [

Portals:
Abyss: Lair:5
Trove: Elf:2 (give 9 potions of haste)

Annotations:
D:8 2 transporters, exclusions: oklob plant and oklob sapling
D:10 3 runed translucent doors, p0werm0de's ghost, journeyman GrCK
D:15 Louise
Temple 2 transporters
Lair:2 exclusion: downstairs
Lair:3 exclusions: 2 dream sheep, 2 nagas and wyvern, Rupert
Lair:5 exclusion: 2 oklob plants
Swamp:1 1 transporter, Noname's ghost, journeyman TeAE
Elf:2 5 runed translucent doors
Elf:3 1 exclusion


Innate Abilities, Weirdness & Mutations

You cannot wear most types of armour.
You are amphibious.
You can wear up to eight rings at the same time.
Your skin changes colour to match your surroundings (Stealth+).
Your rubbery body absorbs attacks. (AC +1, EV +1)
((You are camouflaged when in or above water. (Stealth+)))
You have tentacles for arms and can constrict up to eight enemies at once.
You possess an exceptional clarity of mind.


Message History

The ghoul is severely damaged.
The ghoul is knocked back by the mystic blast.
The mystic blast hits Noname's ghost.
Noname's ghost is lightly damaged.
Noname's ghost is knocked back by the mystic blast.
Your surroundings suddenly seem different.
Floosh!
Unknown command.
Unknown command.
There is a transporter here.
Press: ? - help, v - describe, . - travel
Here: Noname's ghost (fire blocked by a translucent stone wall)
The floor.
You enter the transporter and appear at another place.
There are monsters nearby!
Casting: Iskenderun's Mystic Blast (safe; 1% risk of failure)
Confirm with . or Enter, or press ? or * to list all spells.
Aiming: Iron Shot (mildly dangerous; 1% risk of failure)
Press: ? - help, Shift-Dir - straight line, f/p - Noname's ghost
Aim: Noname's ghost (29% to hit)
The iron shot hits Noname's ghost!!
Noname's ghost is moderately damaged.
Roots burst forth from the earth!
The grasping roots grab you! The grasping roots constrict you!
Noname's ghost waves its arms in wide circles.
The air twists around and strikes you!!
* * * LOW HITPOINT WARNING * * *
Okay, then.
As you read the scroll of teleportation, it crumbles to dust.
You feel strangely unstable. The grasping roots constrict you!
* * * LOW HITPOINT WARNING * * *
Noname's ghost mumbles some strange words.
Noname's ghost puts on a burst of speed!
You feel much better. The ghoul closely misses you. The ghoul misses you.
Noname's ghost waves its arms in wide circles.
The air twists around and strikes you!!
* * * LOW HITPOINT WARNING * * *
The grasping roots constrict you!
You die...

♣.~~~..~~~~~~~~..~~~~~~~~~..~~~~~
♣~§~~..~~~.............~~~......~
♣♣.~...~~.......©....:..~~~|...~~
♣~..........#########...~~~~...~~
♣♣.........##8!!=?(8##..~~~~.....
♣>.~♣♣....#.f.$.?...#..~~.♣♣....
♣♣..♣.....#..#...#..#..~~♣♣♣♣♣~~
♣...~~...#.#.....#.#...~♣♣...~.
♣♣♣.~~...#....@....#..♣♣♣♣♣..♣♣
♣♣....~..#.#..n†.#.#..♣ ♣♣♣.~♣~
♣~~~..~..#..#.f.#..#..♣ ♣.~~~~<
♣.~~(.~..#©...[.W..#..♣♣♣.~~...
♣..~~♣♣..##8..†..8##..♣..~~~~~.
♣♣♣♣♣~....#########.....~~~~~~.
♣~........©.......~..~~~~~.
♣♣...........).[.~~.~.~~~.~
♣♣~~..~~..~..~♣....♣♣...♣~


You could see a ghoul, a shambling mangrove and Noname's ghost (swift).

Vanquished Creatures
  the Lernaean hydra (Swamp:4)
  Jorgrun (D:13)
  2 deep elf blademasters (Elf:3)
  2 deep elf master archers (Elf:3)
  The ghost of magipi the Rich, an adept GnIE of Gozag (Swamp:3)
  Kirke (D:12)
  2 thorn hunters
  Roxanne (Elf:1)
  2 fenstrider witches
  5 deep elf sorcerers (Elf:3)
  3 orc warlords
  5 deep elf elementalists (Elf:3)
  7 ghouls
  8 deep elf demonologists
  7 eleionomae
  5 deep elf annihilators (Elf:3)
  3 bunyips
  5 deep elf death magi
  2 deep elf high priests (Elf:3)
  A shambling mangrove (Swamp:3)
  Josephine (Orc:1)
  24 hydras
  2 ghost crabs (Swamp:1)
  2 boulder beetles
  A spriggan air mage (Swamp:1)
  2 ice dragons (D:15)
  12 two-headed ogres
  5 centaur warriors
  A death knight (D:11)
  Erica (D:8)
  9 dancing weapons
  4 death yaks
  9 alligators
  2 tengu warriors (D:15)
  Urug (Lair:5)
  2 thrashing horrors (Lair:5)
  5 orc high priests
  6 deep elf knights
  4 spriggans
  A fire crab (shapeshifter) (D:14)
  5 goliath frogs
  5 skeletal warriors (D:14)
  4 spriggan druids
  5 bog bodies
  12 swamp dragons
  10 orc knights
  A wizard (D:15)
  6 deep elf archers
  A harpy (shapeshifter) (D:13)
  16 deep elf zephyrmancers
  Pikel (D:7)
  2 necromancers (Elf:1)
  23 deep elf pyromancers
  2 will-o-the-wisps (Swamp:2)
  10 cyclopes
  7 orc sorcerers
  25 ugly things
  A cyclops (shapeshifter) (D:13)
  3 manticores
  3 black mambas
  3 smoke demons (Lair:5)
  4 torpor snails (Lair:4)
  2 gargoyles
  13 elephants
  3 cane toads
  Maggie (D:7)
  2 unseen horrors
  3 efreet
  A freezing wraith (D:15)
  A komodo dragon (shapeshifter) (Lair:5)
  9 komodo dragons
  4 yaktaurs
  A yaktaur (shapeshifter) (Elf:3)
  The ghost of eelars the Ruffian, an amateur TrGl (D:5)
  4 kobold demonologists (D:12)
  An ancient zyme (Lair:5)
  9 trolls
  3 meliai (D:15)
  8 hornets
  A wolf spider simulacrum (D:15)
  2 bloated husks (Swamp:3)
  A hornet (shapeshifter) (D:13)
  7 slime creatures (D:13)
  10 tyrant leeches
  2 raiju (shapeshifter)
  27 blink frogs
  5 large abominations
  An air elemental (Elf:2)
  5 wyverns
  4 shadows
  8 wraiths
  4 ynoxinuls (Lair:5)
  A water elemental (Elf:2)
  33 yaks
  A vampire (D:9)
  Grum (D:8)
  4 fire elementals
  A redback (D:11)
  7 vampire mosquitoes
  Menkaure (D:7)
  6 basilisks
  11 swamp worms
  3 hogs (D:12)
  6 wargs
  A naga (Lair:3)
  5 acid dragons
  18 water moccasins
  57 orc warriors
  A black bear (shapeshifter) (D:11)
  10 swamp drakes
  A sky beast (D:6)
  A black bear (Lair:4)
  The ghost of Hyawatha the Trooper, an amateur DrAK of Lugonu (D:6)
  2 ice beasts
  12 ogres
  12 wolves
  7 centaurs
  4 lemures (D:7)
  A phantom (D:6)
  5 elf zombies (Elf:1)
  3 kobold brigands (D:12)
  12 bullfrogs
  3 gnoll sergeants
  4 scorpions
  4 earth elementals
  13 small abominations (Lair:5)
  A necrophage (Swamp:3)
  4 wights
  10 killer bees
  8 howler monkeys
  An electric eel (Lair:4)
  3 centaur zombies (Ossuary)
  2 jellies (D:5)
  A bullfrog zombie (Ossuary)
  3 hounds
  Crazy Yiuf (D:2)
  37 orc priests
  A scorpion zombie (Ossuary)
  10 iguanas
  26 orc wizards
  Terence (D:3)
  12 gnolls
  8 adders
  2 white imps (D:6)
  2 adder zombies (Ossuary)
  4 worms
  3 dart slugs (D:2)
  108 orcs
  11 ball pythons
  3 endoplasms
  7 giant cockroaches
  5 gnoll zombies (Ossuary)
  7 hobgoblins
  2 jackals (D:1)
  4 quokkas
  4 bats
  5 frilled lizards
  6 goblins
  5 goblin zombies (Ossuary)
  3 hobgoblin zombies (Ossuary)
  10 kobolds
  3 rats
1025 creatures vanquished.

Vanquished Creatures (others)
  A will-o-the-wisp (Swamp:3)
  A human (D:12)
  An orc (D:12)
  2 foxfires (Swamp:3)
  36 fungi
  36 plants
77 creatures vanquished.

Grand Total: 1102 creatures vanquished

Notes
Turn   | Place    | Note
-------+----------+-------------------------------------------
     0 | D:1      | raistware the Octopode Conjurer began the quest for the
                  | Orb.
     0 | D:1      | Reached XP level 1. HP: 11/11 MP: 3/3
   347 | D:1      | Reached XP level 2. HP: 17/17 MP: 3/5
   893 | D:2      | Reached skill level 3 in Spellcasting
   959 | D:2      | Reached XP level 3. HP: 16/21 MP: 2/7
  1275 | D:2      | Found a runed translucent door.
  1276 | D:2      | Noticed Crazy Yiuf
  2092 | D:3      | Noticed Terence
  2324 | D:3      | Reached XP level 4. HP: 27/27 MP: 5/9
  2334 | D:2      | Reached skill level 4 in Spellcasting
  2334 | D:2      | Reached skill level 1 in Translocations
  2339 | D:2      | Learned a level 4 spell: Iskenderun's Mystic Blast
  2485 | D:3      | Killed Terence
  2622 | D:3      | Found a shadowy altar of Dithmenos.
  2683 | D:3      | Reached XP level 5. HP: 31/31 MP: 0/11
  2925 | D:3      | Found a faded altar of an unknown god.
  2937 | D:3      | Got Plato's Quarto of Unholy Mysteries
  3420 | D:4      | Found a large runed translucent door.
  3430 | D:4      | Found a large runed translucent door.
  3461 | D:4      | Found a shimmering altar of Xom.
  3560 | D:4      | Reached skill level 1 in Fighting
  3671 | D:4      | Reached XP level 6. HP: 38/38 MP: 6/12
  3943 | D:4      | Found Menoetz's General Store.
  3952 | D:4      | Bought a scroll of noise for 12 gold pieces
  3952 | D:4      | Bought a scroll of identify for 24 gold pieces
  4811 | D:4      | Found a staircase to the Ecumenical Temple.
  4820 | Temple   | Entered the Ecumenical Temple
  4820 | Temple   | Found a transporter.
  4820 | Temple   | Found a transporter.
  4822 | Temple   | Found a transporter.
  4822 | Temple   | Found a transporter.
  4838 | Temple   | Became a worshipper of Vehumet
  4992 | D:5      | Entered Level 5 of the Dungeon
  5001 | D:5      | Reached skill level 5 in Spellcasting
  5001 | D:5      | Reached skill level 5 in Conjurations
  5238 | D:5      | Noticed a water moccasin
  5247 | D:5      | Killed a water moccasin
  5248 | D:5      | Reached XP level 7. HP: 33/43 MP: 0/14
  5451 | D:5      | Found a transporter.
  5456 | D:5      | Found a transporter.
  5457 | D:5      | Noticed eelars's ghost (amateur TrGl)
  5713 | D:5      | Found a shimmering altar of Xom.
  6045 | D:5      | Found an iron altar of Okawaru.
  6047 | D:5      | Found a shimmering blue altar of Sif Muna.
  6058 | D:5      | Reached skill level 6 in Spellcasting
  6153 | D:5      | Reached XP level 8. HP: 48/48 MP: 9/17
  6274 | D:5      | Reached skill level 1 in Evocations
  6349 | D:6      | Found Umielin's Distillery.
  7304 | D:6      | Bought a potion of degeneration for 13 gold pieces
  7554 | D:6      | Reached skill level 7 in Spellcasting
  7976 | D:6      | Found a runed translucent gate.
  7977 | D:6      | Found a runed translucent gate.
  7978 | D:6      | Found a runed translucent gate.
  7979 | D:6      | Noticed Hyawatha's ghost (amateur DrAK)
  8288 | D:7      | Reached XP level 9. HP: 53/53 MP: 15/20
  8434 | D:7      | Noticed Menkaure
  8438 | D:7      | Killed Menkaure
  8448 | D:7      | Learned a level 4 spell: Sticky Flame
  8461 | D:7      | Reached * piety under Vehumet
  8461 | D:7      | Offered knowledge of Sandblast by Vehumet.
  8465 | D:7      | Reached skill level 8 in Spellcasting
  8904 | D:7      | Noticed Maggie
  8905 | D:7      | Noticed Pikel
  9068 | D:7      | Killed Maggie
  9069 | D:7      | Reached skill level 1 in Staves
  9069 | D:7      | Reached skill level 1 in Fire Magic
  9448 | D:7      | Killed Pikel
  9727 | D:7      | Reached XP level 10. HP: 51/60 MP: 20/22
 10173 | D:8      | Noticed Erica
 10179 | D:8      | Killed Erica
 10180 | D:8      | Reached skill level 9 in Spellcasting
 10212 | D:8      | Got the Folio of Nature
 10222 | D:8      | Noticed an oklob plant
 10286 | D:8      | Found a sand-covered staircase.
 10295 | Ossuary  | Entered an ossuary
 10920 | D:8      | Found a transporter.
 10925 | D:8      | Found a transporter.
 11213 | D:8      | Reached skill level 10 in Conjurations
 11215 | D:8      | Reached skill level 10 in Spellcasting
 11719 | D:8      | Reached ** piety under Vehumet
 11722 | D:8      | Offered knowledge of Foxfire by Vehumet.
 11725 | D:8      | Noticed Grum
 11737 | D:8      | Killed Grum
 12677 | D:9      | Noticed a two-headed ogre
 12686 | D:9      | Killed a two-headed ogre
 12687 | D:9      | Reached skill level 5 in Fire Magic
 12687 | D:9      | Reached XP level 11. HP: 54/68 MP: 11/25
 12928 | D:9      | Found a staircase to the Lair.
 13107 | D:9      | Found an ancient bone altar of Kikubaaqudgha.
 13708 | D:9      | Found a staircase to the Orcish Mines.
 13730 | D:9      | Reached skill level 5 in Dodging
 13988 | D:10     | Entered Level 10 of the Dungeon
 14020 | Lair:1   | Entered Level 1 of the Lair of Beasts
 15061 | Lair:1   | Offered knowledge of Inner Flame by Vehumet.
 15062 | Lair:1   | Reached skill level 11 in Spellcasting
 15348 | Lair:2   | Noticed an eight-headed hydra
 15348 | Lair:2   | Found a staircase to the Swamp.
 15471 | Lair:2   | Found a basalt altar of Yredelemnul.
 15826 | Lair:2   | Reached *** piety under Vehumet
 16473 | Lair:2   | Killed an eight-headed hydra
 16474 | Lair:2   | Reached XP level 12. HP: 13/74 MP: 4/27
 16766 | Lair:3   | Noticed Rupert
 16778 | Lair:3   | Found a staircase to the Snake Pit.
 16866 | Lair:3   | Identified the ring "Jesm" {Fire Dex+6}
 17083 | Lair:3   | Noticed a boulder beetle
 17100 | Lair:3   | Killed a boulder beetle
 17101 | Lair:3   | Reached skill level 5 in Fighting
 18122 | Lair:3   | Reached skill level 12 in Spellcasting
 18438 | Lair:4   | Offered knowledge of Mephitic Cloud by Vehumet.
 18448 | Lair:3   | Learned a level 3 spell: Mephitic Cloud
 18969 | Lair:4   | Found a snail-covered altar of Cheibriados.
 19566 | Lair:4   | Reached skill level 13 in Spellcasting
 20465 | D:2      | Killed Crazy Yiuf
 20643 | D:5      | Killed eelars's ghost
 20644 | D:5      | Reached XP level 13. HP: 67/83 MP: 11/30
 20890 | D:6      | Killed Hyawatha's ghost
 21204 | Lair:5   | Entered Level 5 of the Lair of Beasts
 21272 | Lair:5   | Reached **** piety under Vehumet
 21880 | Lair:5   | Offered knowledge of Freezing Cloud by Vehumet.
 21887 | Lair:5   | Learned a level 5 spell: Freezing Cloud
 22144 | Lair:5   | Reached skill level 1 in Ice Magic
 22267 | Lair:5   | Noticed Urug
 22279 | Lair:5   | Killed Urug
 22336 | Lair:5   | Identified the +0 ring mail of Echoiqae {Rampage}
 22674 | Lair:5   | Reached ***** piety under Vehumet
 22676 | Lair:5   | Offered knowledge of Conjure Ball Lightning by Vehumet.
 24254 | Lair:5   | Reached XP level 14. HP: 84/93 MP: 18/31
 24263 | Lair:5   | Reached skill level 14 in Spellcasting
 24409 | Lair:5   | Found a corrupted altar of Lugonu.
 24409 | Lair:5   | Found a one-way gate to the infinite horrors of the Abyss.
 24762 | Orc:1    | Entered Level 1 of the Orcish Mines
 24762 | Orc:1    | Found a burning altar of Makhleb.
 24787 | Orc:1    | Noticed Josephine
 24794 | Orc:1    | Killed Josephine
 24795 | Orc:1    | Reached skill level 5 in Ice Magic
 25093 | Orc:2    | Entered Level 2 of the Orcish Mines
 25463 | Orc:1    | Noticed an orc warlord
 25473 | Orc:1    | Reached skill level 1 in Throwing
 25473 | Orc:1    | Reached skill level 10 in Dodging
 25479 | Orc:1    | Killed an orc warlord
 26123 | Orc:2    | Found Dopoj's Antique Weapon Shoppe.
 26145 | Orc:2    | Found Maukleun's Jewellery Emporium.
 26307 | Orc:2    | Offered knowledge of Starburst by Vehumet.
 27435 | Orc:2    | Found Ynoxtoibb's Magic Scroll Boutique.
 27440 | Orc:2    | Gained mutation: You possess an exceptional clarity of
                  | mind. [a neqoxec]
 27507 | Orc:2    | Bought a scroll of identify for 34 gold pieces
 27527 | Orc:2    | Noticed an orc warlord
 27543 | Orc:2    | Killed an orc warlord
 27674 | Orc:2    | Found Bozom's Weapon Shoppe.
 28051 | Orc:2    | Found a staircase to the Elven Halls.
 28433 | D:4      | Bought a scroll of identify for 24 gold pieces
 28433 | D:4      | Bought a scroll of butterflies for 48 gold pieces
 28433 | D:4      | Bought a scroll of acquirement for 624 gold pieces
 28659 | Orc:2    | Bought a translucent rapier for 252 gold pieces
 28659 | Orc:2    | Identified the +10 rapier "Ysothrit" {flame, rElec rF+ rN+}
                  | (You bought it in a shop on level 2 of the Orcish Mines)
 28671 | Orc:2    | Bought an amulet of reflection for 330 gold pieces
 28795 | D:10     | Found a runed translucent door.
 28797 | D:10     | Noticed p0werm0de's ghost (journeyman GrCK)
 28840 | D:10     | Found a large runed translucent door.
 28840 | D:10     | Found a large runed translucent door.
 28925 | D:10     | Identified the +7 battleaxe of the Freezing Bear {drain,
                  | +Blink Int+4}
 29146 | D:10     | Identified the +7 long sword of Symmetry {vorpal, Fragile
                  | Fly Dex+6}
 29182 | D:10     | Found a large runed translucent door.
 29182 | D:10     | Found a large runed translucent door.
 29194 | D:10     | Identified the +5 scimitar "Logilan" {vorpal, rCorr Str+2}
 29271 | D:10     | Found a basalt altar of Yredelemnul.
 29368 | D:10     | Offered knowledge of Eringya's Noxious Bog by Vehumet.
 29370 | D:10     | Reached XP level 15. HP: 102/102 MP: 33/33
 29500 | D:10     | Found a burning altar of Makhleb.
 31303 | D:11     | Reached skill level 10 in Fighting
 31695 | D:11     | Acquired 728 gold pieces
 31752 | D:11     | Reached skill level 15 in Spellcasting
 31946 | D:12     | Noticed Kirke
 31951 | D:12     | Noticed a sphinx
 31954 | D:12     | Killed Kirke
 32249 | D:12     | Got Jukkiam's Lectures on Combat Magic
 33478 | D:13     | Identified the +1 hat of Helergh {-Tele Fly Str+4}
 33531 | D:13     | Found a gate to the Vaults.
 33543 | D:13     | Offered knowledge of Iron Shot by Vehumet.
 33562 | D:13     | Noticed Jorgrun
 33576 | D:13     | HP: 4/103 [Jorgrun/blast of rock fragments (33)]
 33983 | D:13     | Killed Jorgrun
 34408 | D:14     | Learned a level 6 spell: Iron Shot
 34672 | D:14     | Reached XP level 16. HP: 109/109 MP: 33/35
 35557 | D:15     | Entered Level 15 of the Dungeon
 35575 | D:15     | Noticed Louise
 36179 | D:15     | Found a staircase to the Depths.
 37567 | Elf:1    | Entered Level 1 of the Elven Halls
 38327 | Elf:1    | Offered knowledge of Orb of Destruction by Vehumet.
 38328 | Elf:1    | Reached skill level 16 in Spellcasting
 38403 | Elf:1    | Learned a level 7 spell: Orb of Destruction
 38665 | Elf:1    | Got the Volume of Maleficent Rituals
 38822 | Elf:1    | Identified Roxanne's Lessons on the Geologist
 38822 | Elf:1    | Noticed Roxanne
 39027 | Elf:1    | Found Laixov's General Store.
 39035 | Elf:1    | Bought a scroll of fear for 64 gold pieces
 39328 | Elf:1    | Killed Roxanne
 39516 | Elf:2    | Found Tutwylat's Armour Shop.
 39546 | Elf:2    | Reached skill level 1 in Earth Magic
 39706 | Elf:2    | Noticed a Hell Sentinel
 40021 | Elf:2    | Reached XP level 17. HP: 117/117 MP: 37/37
 40076 | Elf:2    | Found a portal to a secret trove of treasure.
 40420 | Elf:2    | Found a huge runed translucent gate.
 40420 | Elf:2    | Found a huge runed translucent gate.
 40420 | Elf:2    | Found a huge runed translucent gate.
 40421 | Elf:2    | Found a huge runed translucent gate.
 40424 | Elf:2    | Found a huge runed translucent gate.
 40436 | Elf:2    | Reached skill level 1 in Shields
 40598 | Elf:3    | Entered Level 3 of the Elven Halls
 41396 | Elf:3    | Reached skill level 17 in Spellcasting
 41517 | Elf:3    | Offered knowledge of Lee's Rapid Deconstruction by Vehumet.
 41753 | Elf:3    | Identified the +2 robe of Koru {rElec Str+4 Int-4}
 41832 | Elf:3    | Noticed an Ice Fiend
 42296 | Elf:3    | Noticed a deep elf blademaster
 42298 | Elf:3    | Noticed a deep elf blademaster
 42300 | Elf:3    | Noticed a deep elf master archer
 42302 | Elf:3    | Noticed a deep elf master archer
 42304 | Elf:3    | Identified the +8 glaive "Tiddaoda" {holy, rN+ Will+ Dex+4}
 42304 | Elf:3    | Identified the ring "Nody" {EV+4 Str+2}
 42305 | Elf:3    | Killed a deep elf blademaster
 42307 | Elf:3    | Killed a deep elf master archer
 42307 | Elf:3    | Killed a deep elf blademaster
 42583 | Elf:3    | Identified the +2 robe of Indecent Exposure {Rampage +Inv
                  | Will- Dex+5}
 42736 | Elf:3    | Killed a ghostly deep elf master archer
 43098 | Elf:3    | Killed a deep elf master archer
 43104 | Elf:3    | Reached skill level 5 in Earth Magic
 43132 | Elf:3    | Noticed an Executioner
 43133 | Elf:3    | Noticed a Hell Sentinel
 43134 | Elf:3    | Noticed an Executioner
 43547 | Elf:3    | Noticed a Brimstone Fiend
 43760 | Elf:3    | Reached skill level 5 in Shields
 43830 | Elf:3    | Reached XP level 18. HP: 70/124 MP: 21/39
 44074 | Elf:3    | Identified the +7 arbalest "Vups" {elec, *Corrode +Blink
                  | rC+++ Dex-2}
 44074 | Elf:3    | Identified the +8 longbow of Misery {venom, Str+3}
 44246 | Elf:3    | Got the Omnibus of the Meadowlark
 44252 | Elf:3    | Got Boewnil's Volume of the Atmosphere and Dislocation
 44259 | Elf:3    | Identified the +0 ring mail of Good Intentions {+Inv rElec}
 44264 | Elf:3    | Identified the +10 sling of Vengeance {flame, *Corrode
                  | Int+9}
 44490 | Orc:2    | Bought the ring "Luthom" {rF+ rC+ Str+4} for 521 gold
                  | pieces
 44493 | Orc:2    | Bought the ring "Molont" {rPois rF- Str+6 Stlth+} for 473
                  | gold pieces
 44638 | Swamp:1  | Entered Level 1 of the Swamp
 44941 | Swamp:1  | Paralysed by a fenstrider witch for 3 turns
 45087 | Swamp:1  | Found a transporter.
 45095 | Swamp:1  | Found a transporter.
 45099 | Swamp:1  | Noticed Noname's ghost (journeyman TeAE)
 45415 | Swamp:1  | Offered knowledge of Ignition by Vehumet.
 45470 | Swamp:1  | Learned a level 8 spell: Ignition
 45642 | Swamp:2  | Reached ****** piety under Vehumet
 45711 | Swamp:2  | Learned a level 2 spell: Blink
 45883 | Swamp:2  | Reached skill level 5 in Evocations
 48164 | Swamp:3  | Found a transporter.
 48168 | Swamp:3  | Found a transporter.
 48168 | Swamp:3  | Noticed magipi's ghost (adept GnIE)
 48729 | Swamp:4  | Entered Level 4 of the Swamp
 48979 | Swamp:4  | Identified the +4 shortbow of Ytiapt Usith {speed, *Corrode
                  | rN++ Dex+7}
 49080 | Swamp:4  | Reached skill level 10 in Fire Magic
 49264 | Swamp:4  | Noticed the 27-headed Lernaean hydra
 49276 | Swamp:4  | Killed the 27-headed Lernaean hydra
 49651 | Swamp:4  | Got a decaying rune of Zot
 50054 | Swamp:3  | Reached XP level 19. HP: 96/131 MP: 37/40
 50058 | Swamp:3  | Killed magipi's ghost
 50168 | Swamp:3  | Identified the ring "Eggidopaca" {rN+ Will+ Str+6}
 50307 | Swamp:1  | Constricted to death by a shambling mangrove

Illustrated notes

Levels and vault maps discovered:
D:1:      scummos_arrival_simple_fountains, layout_basic
D:2:      layout_basic, uniq_crazy_yiuf_cottage
D:3:      layout_basic, mainiacjoe_overflow_chevrons,
          shapermc_ecumenical_altar_rom_forum, uniq_terence
D:4:      due_chaos_kobolds, layout_layer_cave, temple_hall, serial_shops, shop
D:5:      layout_basic, dk_xom_monty_hall,
          chequers_temple_overflow_statue_of_worship, gammafunk_ghost_hive
D:6:      layout_loops_ring, serial_shops, nicolae_shop_statue_plus,
          biasface_ghost_orc_armoury
D:7:      layout_loops_corners, minmay_misc_feat_pillars, uniq_pikel,
          uniq_maggie, uniq_menkaure
D:8:      layout_cave_pools, nicolae_ossuary_entry_monument, enter_bailey_2,
          gammafunk_ghost_abyssal_escape, introduction_to_nature_2, uniq_erica,
          uniq_grum
D:9:      layout_stronghold, kennysheep_mini_moat, dpeg_oklobed_lair,
          minmay_orc_entry_temple_small
D:10:     layout_roguey, lightli_temple_of_fire, nicolae_overflow_crystal_walls,
          ebering_ghost_inner_flame, minmay_hollow_rounded_squares
D:11:     minmay_the_grid_octo_tiled_octocenter [minmay_the_grid_octo_pinwheel,
          minmay_the_grid_octo_toaster, minmay_the_grid_octo_77,
          minmay_the_grid_octo_odd_swirl,
          minmay_the_grid_octo_prize_ultimate_mussel_roller,
          minmay_the_grid_square_5x5_shrine2,
          minmay_the_grid_square_5x5_sharp_hourglass,
          minmay_the_grid_square_5x5_lines, minmay_the_grid_square_5x5_n],
          layout_gridville, lemuel_flame_loot_1
D:12:     layout_loops_ring, minmay_fractal_squares_diagonal_5, uniq_kirke
D:13:     layout_cave_pools, david_vaults_2, serial_glass, glass_columns_c,
          glass_columns_b, glass_columns_b, glass_columns_c, glass_columns_a,
          glass_columns_a, glass_columns_b, glass_columns_c, uniq_jorgrun
D:14:     layout_cave_pools, minmay_misc_feat_tiny
D:15:     grunt_enter_depths_hoard, layout_loops_ring, reono_crystal_passage,
          minmay_misc_feat_cross, uniq_louise
Temple:   hellmonk_temple_divided_pantheon
Lair:1:   layout_loops_ring, grunt_megastairs_3
Lair:2:   layout_regular_city, swamp_mist, basic_altar
Lair:3:   layout_hall_layers, minmay_snake_entry_guardpost_small,
          lemuel_fruit_fields, uniq_rupert
Lair:4:   layout_roguey, kennysheep_snail_temple, infiniplex_staircase_pool
Lair:5:   hellmonk_lair_end_abyssal_woods, layout_misc_corridors,
          minmay_slime_entry_oklob_enclosed, uniq_urug
Swamp:1:  layout_basic_swamp, gammafunk_ghost_arena, nicolae_swamp_tree_isthmus
Swamp:2:  layout_basic_swamp, evilmike_swamp_ruin_rubble_2
Swamp:3:  layout_basic_swamp, gammafunk_ghost_arena, evilmike_swamp_ruin_house_1
Swamp:4:  swamp_old_school, layout_basic_swamp
Orc:1:    layout_caves, bloody_makhleb, uniq_josephine
Orc:2:    pubby_orc_utopia
Elf:1:    minmay_elf_arrival_summoners, layout_geoelf_diagonals, serial_shops,
          shop, minmay_elf_necromancy, uniq_roxanne
Elf:2:    elven_hall_of_blades_hangedman_alternative
          [nicolae_blade_entry_hurt_lockers], layout_geoelf_octagon,
          enter_trove_0, serial_shops, shop, eino_tiny_chamber,
          grunt_megastairs_5
Elf:3:    elf_hall, layout_gridlike, special_room [special_room_orc], drop_trap,
          kb_rosetta

Skill      XL: |  1  2  3  4  5  6  7  8  9 10 11 12 13 14 15 16 17 18 19 |
---------------+----------------------------------------------------------+-----
Spellcasting   | 3 4 5 6 7 8 10 11 13 14 15 16 17 | 17.9
Translocations | 2 3 4 |  4.0
Fighting       | 1 2 3 4 6 7 9 10 11 12 | 12.0
Dodging        | 3 4 6 8 9 10 11 12 13 | 13.8
Conjurations   | 5 6 7 9 10 11 12 13 | 13.0
Evocations     | 1 2 3 4 5 |  5.0
Stealth        | 3 4 |  4.0
Staves         | 1 2 4 |  4.0
Fire Magic     | 3 5 7 8 9 10 | 10.9
Ice Magic      | 4 7 8 9 |  9.0
Throwing       | 1 |  1.0
Earth Magic    | 2 5 7 |  7.7
Shields        | 5 8 |  8.6

Action                   |  1- 3 |  4- 6 |  7- 9 | 10-12 | 13-15 | 16-18 | 19-21 || total
-------------------------+-------+-------+-------+-------+-------+-------+-------++-------
Melee: Dagger            |    24 |    38 |    64 |    18 |       |       |       ||   144
       Constrict         |     6 |    15 |    14 |    40 |    40 |    39 |       ||   154
       Tentacles         |     3 |    11 |    11 |    65 |    81 |    55 |       ||   226
       Punch             |       |     2 |     1 |    12 |     2 |     4 |       ||    21
       Scimitar          |       |       |       |   184 |   106 |       |       ||   290
       Rapier            |       |       |       |       |   117 |   143 |       ||   260
       Quarterstaff      |       |       |       |       |    14 |       |       ||    14
Throw: Dart              |     4 |       |     5 |     6 |     1 |       |       ||    16
       Throwing net      |       |       |       |     1 |     1 |       |       ||     2
 Cast: Magic Dart        |    70 |    80 |   149 |   174 |   108 |    25 |       ||   606
       Iskenderun's Myst |       |     4 |    21 |   105 |   153 |   123 |     9 ||   415
       Sticky Flame      |       |       |     1 |    22 |    21 |     4 |       ||    48
       Mephitic Cloud    |       |       |       |     4 |       |       |       ||     4
       Freezing Cloud    |       |       |       |       |   152 |    72 |     1 ||   225
       Iron Shot         |       |       |       |       |     3 |   287 |     3 ||   293
       Orb of Destructio |       |       |       |       |       |     7 |       ||     7
Evoke: Wand              |       |       |     7 |     4 |    17 |     2 |       ||    30
  Use: Scroll            |       |     3 |     1 |    10 |     8 |     7 |     2 ||    31
       Potion            |       |       |       |     2 |     8 |     1 |     3 ||    14
 Stab: Sleeping          |     7 |     2 |     5 |     7 |     6 |     8 |       ||    35
       Confused          |       |       |       |     2 |       |     1 |       ||     3
       Distracted        |       |       |       |       |     1 |       |       ||     1
Armor: Skin              |       |     1 |     2 |    24 |     6 |     9 |       ||    42
Dodge: Dodged            |    15 |    23 |    63 |   339 |   309 |   245 |    12 ||  1006
Block: Other             |       |       |       |       |    35 |    18 |       ||    53
       Reflection        |       |       |       |       |     5 |    10 |       ||    15
       Buckler           |       |       |       |       |       |    67 |    11 ||    78
